 Dungeon Crawl Stone Soup version 0.29-a0-22-gbf593b16ee (webtiles) character file.

Game seed: 18394752888071665789

150 inmateoo the Insei (level 5, -1/42 HPs)
             Began as a Demonspawn Monk on Jan 29, 2022.
             Slain by a black bear (2 damage)
             ... on level 4 of the Dungeon.
             The game lasted 00:02:58 (2955 turns).

inmateoo the Insei (Demonspawn Monk)                Turns: 2955, Time: 00:02:58

Health: -1/42      AC: 10    Str: 17    XL:     5   Next: 10%
Magic:  5/5        EV:  8    Int: 13    God:
Gold:   152        SH:  0    Dex: 16    Spells: 4/4 levels left

rFire   . . .      SeeInvis .     - Unarmed
rCold   . . .      Faith    .   (no shield)
rNeg    . . .      Spirit   .   e - +0 chain mail
rPois   .          Reflect  .   n - +0 helmet
rElec   .          Harm     .   m - scarf {shadows}
rCorr   .          Rampage  .   h - +0 pair of gloves
Will    .....                   (no boots)
Stlth   ..........              (no amulet)
HPRegen 0.14/turn               d - +6 ring of strength
MPRegen 0.18/turn               (no ring)

@: no status effects
A: powered by death 1, magic regeneration
a: no special abilities


You were on level 4 of the Dungeon.
You visited 1 branch of the dungeon, and saw 4 of its levels.

You collected 152 gold pieces.

Inventory:

Missiles
 g - 2 poisoned darts (quivered)
Armour
 e - a +0 chain mail (worn)
 h - a +0 pair of gloves (worn)
 m - a scarf of shadows (worn)
 n - a +0 helmet (worn)
Jewellery
 d - a +6 ring of strength (left hand)
 o - a +6 ring of strength
Wands
 q - a wand of paralysis (8)
Scrolls
 b - a scroll of vulnerability {unknown}
 c - 4 scrolls of identify
Potions
 a - 2 potions of curing
 k - a potion of brilliance
 p - 2 potions of cancellation
 r - a potion of invisibility


   Skills:
 + Level 3.9 Fighting
 + Level 3.5 Dodging
 - Level 1.7 Stealth
 * Level 4.1 Unarmed Combat
 + Level 0.0 Evocations


You had 4 spell levels left.
You didn't know any spells.
Your spell library was empty.

Dungeon Overview and Level Annotations

Branches:
Dungeon (4/15)
 Temple: D:4-7

Altars:

Shops:
D:1 :*


Innate Abilities, Weirdness & Mutations

You regenerate a little health from kills.
You regenerate magic rapidly.


Message History

The black bear barely misses you.
You hit the black bear but do no damage.
You punch the black bear, but do no damage.
The black bear is severely wounded.
The black bear closely misses you.
The black bear claws you but does no damage. x2
You hit the black bear.
The black bear is severely wounded.
The black bear bites you but does no damage.
The black bear claws you but does no damage. x2
You hit the black bear.
The black bear is almost dead.
The black bear goes berserk!
You barely miss the black bear.
The black bear is almost dead.
The black bear bites you!
The black bear claws you but does no damage.
The black bear barely misses you.
You are too injured to fight recklessly!
You hit the black bear.
The black bear is almost dead.
The black bear bites you but does no damage.
The black bear claws you but does no damage.
The black bear claws you.
You are too injured to fight recklessly!
You hit the black bear but do no damage.
The black bear is almost dead.
The black bear closely misses you. The black bear claws you.
The black bear completely misses you. The black bear bites you.
The black bear claws you.
* * * LOW HITPOINT WARNING * * *
The black bear barely misses you.
You barely miss the black bear.
The black bear is almost dead.
The black bear bites you!
* * * LOW HITPOINT WARNING * * *
The black bear claws you.
* * * LOW HITPOINT WARNING * * *
The black bear claws you.
You die...

##....# ##.....##
##..###..##
##.#####...## ##.##
#.###.## #..# #.#
##.## ### #..# ##.#
##.## ...#
#..####.## ##.#
....# ##.....@##
#.# ....###<....h.#
##.# #..#......(..#
##.##
#.....#####..^##..#
#....## #..##.##
.....### (###)#
###### .# #.# #.#
#.#


You could see a black bear (berserk).

Vanquished Creatures
  A bullfrog skeleton (D:3)
  A hound skeleton (D:3)
  5 adders
  A worm (D:3)
  3 dart slugs
  2 orcs (D:3)
  2 ball pythons
  4 bats
  6 endoplasms
  4 giant cockroaches
  8 goblins
  3 hobgoblins
  A quokka (D:2)
  2 frilled lizards
  5 kobolds (D:2)
  2 rats (D:3)
50 creatures vanquished.

Notes
Turn   | Place    | Note
-------+----------+-------------------------------------------
     0 | D:1      | inmateoo the Demonspawn Monk began the quest for the Orb.
     0 | D:1      | Reached XP level 1. HP: 18/18 MP: 1/1
    16 | D:1      | Found Qaligrik's General Store.
    30 | D:1      | Found Viurhiq's Book Boutique.
    88 | D:1      | Found a faded altar of an unknown god.
   408 | D:1      | Reached skill level 3 in Unarmed Combat
   408 | D:1      | Gained mutation: You regenerate magic rapidly. [demonic
                  | ancestry]
   408 | D:1      | Reached XP level 2. HP: 13/24 MP: 2/2
  1149 | D:2      | Gained mutation: You regenerate a little health from kills.
                  | [demonic ancestry]
  1149 | D:2      | Reached XP level 3. HP: 19/29 MP: 3/3
  1844 | D:3      | Reached XP level 4. HP: 35/35 MP: 4/4
  1953 | D:3      | Reached skill level 4 in Unarmed Combat
  2015 | D:3      | Reached XP level 5. HP: 21/42 MP: 5/5
  2937 | D:4      | Noticed a black bear
  2955 | D:4      | HP: 2/42 [black bear (8)]
  2955 | D:4      | Slain by a black bear

Illustrated notes

Levels and vault maps discovered:
D:1:      tarquinn_simple_flora_water_d, layout_loops_ring, serial_shops,
          nicolae_shop_window_shopping, shop, shapermc_ecumenical_altar_gd,
          corner_web_ring, minmay_heptomino_h4
D:2:      layout_rooms
D:3:      layout_basic, st_stairs_3
D:4:      layout_layer_cave

Skill      XL: |  1  2  3  4 |
---------------+-------------+-----
Unarmed Combat | 3 4 |  4.1
Dodging        | 3 |  3.5
Fighting       | |  3.9
Stealth        | |  1.7

Action                   |  1- 3 |  4- 6 || total
-------------------------+-------+-------++-------
Melee: Unarmed           |   137 |    79 ||   216
       Punch             |     4 |     3 ||     7
Throw: Dart              |     6 |     3 ||     9
  Use: Scroll            |       |     9 ||     9
Armor: Chain mail        |    73 |    52 ||   125
Dodge: Dodged            |    40 |    29 ||    69

Table legend: (Time is in decaauts)
 A = Elapsed time spent in this place.
 B = Non-inter-level travel time spent in this place.
 C = Inter-level travel time spent in this place.
 D = Time resting spent in this place.
 E = Time spent auto-exploring this place.
 F = Levels seen in this place.
 G = Mean time per level.
                   A        B        C        D        E       F      G
               +--------+--------+--------+--------+--------+-----+--------+
         Total |   2940 |   2802 |    138 |    589 |   1715 |   4 |  735.0 |
       Dungeon |   2940 |   2802 |    138 |    589 |   1715 |   4 |  735.0 |
               +--------+--------+--------+--------+--------+-----+--------+

Top non-repeatable levels by time:
     D:3: 1077 daAuts
     D:1: 999 daAuts
     D:2: 742 daAuts
     D:4: 120 daAuts
